Map: Abyssal Reef LE

Players

DarkTemplar

  • Race: Zerg Zerg
  • League: Platinum
  • Spawn Location: 5:00

Yata - Winner!

  • Race: Zerg Zerg
  • League: Platinum
  • Spawn Location: 11:00

VOD

Have the link to the VOD?

Description

Time

  • Played on: Sept. 14, 2017, 8:58 p.m.
  • Length: 13:23
Show
View Real Time Build Order
Export as new Build Order

DarkTemplar Zerg 

Build Orders: Hatch First 

Get SALT Encoding   

  12  0:01  Drone  
  13  0:08  Drone  
  14  0:36  Hatchery, Drone  
  14  0:55  Spawning Pool  
  13  0:58  Drone  
  14  1:05  Extractor, Drone  
  14  1:11  Overlord  
  15  1:16  Extractor  
  14  1:41  Queen  
  16  1:47  Queen  
  16  1:50  Drone x2  
  16  1:51  Zergling x2  
  21  1:55  Zergling x2  
  22  2:05  Drone  
  23  2:16  Drone  
  23  2:18  Extractor  
  23  2:22  Drone x3  
  26  2:27  Drone  
  27  2:35  Drone  
  28  2:37  Overlord  
  28  2:41  Metabolic Boost  
  28  2:57  Drone  
  28  2:58  Drone x3  
  32  3:06  Roach Warren  
  32  3:11  Overlord  
  31  3:27  Drone x2  
  31  3:28  Overlord  
  31  3:30  Extractor  
  31  3:32  Zergling x2  
  33  3:38  Drone  
  33  3:39  Drone x3  
  37  3:52  Roach x3  
  45  3:55  Roach  
  45  4:03  Roach x2  
  49  4:17  Evolution Chamber  
  49  4:22  Spine Crawler  
  49  4:24  Roach x2  
  51  4:25  Overlord  
  51  4:34  Overlord  
  51  4:42  Lair  
  51  4:44  Roach x2  
  55  4:47  Roach  
  57  4:55  Roach x2  
  53  5:04  Roach  
  51  5:10  Drone  
  52  5:17  Drone  
  53  5:22  Drone  
  53  5:33  Ravager x3  
  56  5:44  Drone x2  
  50  6:15  Roach x4  
  58  6:24  Roach  
  58  6:30  Ravager  
  59  6:33  Roach  
  54  6:51  Roach x3  
  55  6:54  Ravager  
  55  6:57  Roach  
  58  7:14  Roach x2  
  49  7:26  Roach x2  
  49  7:29  Drone  
  46  7:32  Drone  
  43  7:58  Drone x2  
  43  7:59  Drone x4  
  49  8:08  Ravager x3  
  52  8:13  Drone x3  
  55  8:23  Extractor  
  54  8:36  Roach x2  
  54  8:37  Roach x5  
  68  8:48  Zergling x4  
  63  9:18  Glial Reconstitution  
  63  9:20  Drone x3  
  66  9:27  Hatchery, Drone x3  
  68  9:39  Overlord  
  68  9:40  Overlord x2  
  68  9:54  Zerg Missile Weapons Level 1  
  68  9:57  Queen  
  70  10:01  Evolution Chamber  
  70  10:06  Zergling x4  
  70  10:07  Zergling x6  
  73  10:13  Drone  
  75  10:34  Hydralisk Den  
  74  10:37  Hatchery  
  73  10:45  Drone x5  
  73  10:46  Drone  
  79  11:02  Roach x2  
  81  11:07  Roach  
  81  11:08  Roach x5  
  92  11:11  Ravager x3  
  92  11:12  Ravager x2  
  92  11:15  Overlord  
  97  11:46  Hydralisk x4  
  101  11:48  Overlord x3  
  105  12:08  Hydralisk x4  
  105  12:11  Hydralisk  
  115  12:28  Drone x3  
  115  12:29  Drone x2  
  118  12:41  Hydralisk x2  
  106  12:56  Roach x3  
Show
View Real Time Build Order
Export as new Build Order

Yata Zerg - Winner!

Build Orders: Hatch First 

Get SALT Encoding   

  12  0:01  Drone  
  13  0:13  Overlord  
  13  0:18  Drone  
  14  0:31  Drone x2  
  14  0:35  Drone  
  17  0:56  Hatchery  
  16  0:57  Drone  
  16  1:00  Drone  
  18  1:11  Extractor  
  18  1:16  Spawning Pool  
  18  1:17  Drone  
  17  1:20  Drone  
  18  1:28  Drone  
  19  1:40  Overlord  
  19  1:52  Drone  
  20  2:01  Drone  
  21  2:02  Queen  
  21  2:07  Queen  
  25  2:11  Zergling x2  
  25  2:12  Zergling x2  
  25  2:13  Metabolic Boost  
  27  2:18  Drone  
  28  2:27  Drone, Evolution Chamber  
  28  2:32  Drone  
  29  2:37  Baneling Nest  
  29  2:40  Drone  
  29  2:56  Drone x4  
  33  3:09  Zerg Melee Weapons Level 1  
  33  3:10  Overlord  
  33  3:11  Overlord  
  33  3:19  Drone x3  
  36  3:31  Overlord x2  
  36  3:42  Zergling x2  
  36  3:43  Zergling x8  
  41  4:03  Baneling x2  
  41  4:05  Baneling  
  41  4:06  Baneling x2  
  41  4:14  Baneling  
  41  4:29  Roach Warren  
  40  4:31  Drone  
  40  4:32  Extractor, Drone x2  
  40  4:34  Hatchery, Drone x3  
  40  4:36  Drone  
  45  4:50  Queen  
  45  5:12  Zergling x2  
  45  5:13  Zergling x14  
  53  5:17  Baneling x3  
  53  5:26  Pneumatized Carapace  
  53  5:31  Zerg Missile Weapons Level 1  
  53  5:56  Roach  
  53  5:57  Roach x5  
  50  6:12  Roach  
  50  6:13  Roach x3  
  52  6:27  Roach  
  52  6:28  Roach x2  
  56  6:42  Roach x2, Zergling x2  
  53  6:52  Roach  
  53  6:53  Roach x2  
  51  6:58  Zergling x18  
  51  7:20  Zergling x14  
  57  7:28  Lair  
  55  7:32  Zergling x2, Extractor  
  55  7:33  Zergling x6  
  55  7:34  Extractor  
  55  7:35  Overlord  
  56  7:39  Queen  
  58  7:54  Drone x6  
  58  7:56  Queen  
  66  8:00  Zerg Ground Armor Level 1  
  66  8:13  Overlord x5  
  66  8:30  Queen  
  70  8:34  Roach x3  
  70  8:35  Roach x5  
  73  9:06  Roach x8  
  73  9:07  Roach x3  
  92  9:22  Glial Reconstitution  
  92  9:29  Evolution Chamber  
  91  9:33  Roach  
  91  9:34  Roach  
  95  9:49  Roach x4  
  103  10:03  Drone x3  
  103  10:05  Overlord x3  
  106  10:23  Ravager x2  
  106  10:24  Ravager x3  
  106  10:26  Roach  
  106  10:27  Roach  
  115  10:31  Drone x5  
  115  10:32  Drone x10  
  130  10:49  Hatchery  
  129  11:05  Zergling x2  
  129  11:07  Overlord x4  
  130  11:34  Roach  
  130  11:35  Roach x12  
  156  11:48  Overlord x4  
  156  12:17  Hydralisk Den  
  156  12:19  Drone x5  
  156  12:20  Drone x4  
  164  12:44  Overlord x4  
Tags
 
Add a new tag
Caveats
  • Supply blocks, unpowered buildings, or Contaminate may cause inaccurate times.
  • Supply counts are checked every 10 seconds.